[Event "*** Titled Tuesday Blitz"]
[Site "Chess.com"]
[Date "2021.04.06"]
[Round "9"]
[White "C_K_G"]
[Black "gumimis"]
[Result "1-0"]
[WhiteElo "2077"]
[BlackElo "2308"]
[TimeControl "180+1"]
[EndTime "11:42:57 PDT"]
[Termination "C_K_G won by checkmate"]

1. e4 c5 2. Nf3 d6 3. c3 Nf6 4. Bd3 Nc6 5. Bc2 g6 6. h3 Bg7 7.
O-O O-O 8. Re1 e5 9. d3 h6 10.
Nbd2 Be6 11. Nf1 d5 12. Ng3 dxe4 13. dxe4 c4 14. Qe2 Nd7 15. Be3 Qe7 16. Rad1 Nc5 17. Bxc5 Qxc5 18. Rd2 f5 19. Red1 f4 20. Nf1 Rad8 21.
Rxd8 Rxd8 22. Rxd8+ Nxd8 23. Qd1 Nc6 24. b3 cxb3 25.
Bxb3 Kf7 26. Qd7+ Qe7 27. Bxe6+ Kf8 28. Qc8+ Nd8 29. Bd5 b5 30. N1d2 a5 31. c4 b4 32. c5 a4 33. c6 b3 34. axb3 a3 35. c7 a2 36. cxd8=Q+ Qxd8 37. Qxd8# 1-0

[Event "*** Titled Tuesday Blitz"]
[Site "Chess.com"]
[Date "2021.04.06"]
[Round "9"]
[White "suneebaker"]
[Black "Valeron87"]
[Result "0-1"]
[WhiteElo "2117"]
[BlackElo "2271"]
[TimeControl "180+1"]
[EndTime "11:43:00 PDT"]
[Termination "Valeron87 won by resignation"]

1. e4 c5 2. Nf3 Nc6 3. Bb5 e6 4. O-O Nge7 5. Re1 a6 6. Bf1 Ng6 7. c3 Be7 8. d4 cxd4 9. cxd4 d5 10. Nc3 dxe4 11. Nxe4 O-O 12. b3 b5 13. Bb2 Bb7 14. Nc5 Rb8 15. Rc1 Nb4 16. Nxb7 Rxb7 17. a3 Nd5 18. Ne5 Bg5 19. Rc6 Rb6 20. Qc2 Qa8 21.
g3 Rxc6 22. Qxc6 Qxc6 23. Nxc6 Rc8 24. Ne5 Rc2 25. Re2 Bd2 26. h4 Rxb2 0-1

[Event "*** Titled Tuesday Blitz"]
[Site "Chess.com"]
[Date "2021.04.06"]
[Round "9"]
[White "oogee"]
[Black "friesnielsen2302"]
[Result "1-0"]
[WhiteElo "2396"]
[BlackElo "2517"]
[TimeControl "180+1"]
[EndTime "11:43:04 PDT"]
[Termination "oogee won by resignation"]

1. d4 c5 2. d5 g6 3. Nf3 Bg7 4. e4 d6 5. Be2 Nf6 6. Nc3 O-O 7.
O-O e6 8. dxe6 Bxe6 9. Bf4 d5 10. exd5 Nxd5 11. Nxd5 Bxd5 12. c3 Nc6 13. Qa4 Re8 14.
Rfe1 Re4 15. Qb5 Rxf4 16. Rad1 a6 17. Qxc5 Ne7 18. Bf1 Bf8 19. Ne5 Qc8 20. Qd6 Bc6 21. Nxc6 Qf5 22. Nxe7+ Bxe7 23. Qxe7 Rxf2 24. Rd8+ Rxd8 25.
Qxd8+ Kg7 26. Qd4+ 1-0

[Event "*** Titled Tuesday Blitz"]
[Site "Chess.com"]
[Date "2021.04.06"]
[Round "9"]
[White "blitzking1729"]
[Black "guillembaches"]
[Result "1-0"]
[WhiteElo "2633"]
[BlackElo "2508"]
[TimeControl "180+1"]
[EndTime "11:43:06 PDT"]
[Termination "blitzking1729 won on time"]

1. Nf3 Nf6 2. c4 e6 3. b3 d5 4. Bb2 Be7 5. g3 O-O 6. Bg2 b6 7. O-O Bb7 8. e3 c5 9. Qe2 Nc6 10. Rd1 Qc7 11. Nc3 a6 12. cxd5 exd5 13. d4 Rad8 14. Rac1 Rfe8 15. dxc5 bxc5 16. Na4 Qa5 17. Bc3 Qb5 18. Qxb5 axb5 19. Nxc5 Bxc5 20. Bxf6 Bxe3 21. Rxc6 gxf6 22. Rc7 1-0

[Event "*** Titled Tuesday Blitz"]
[Site "Chess.com"]
[Date "2021.04.06"]
[Round "9"]
[White "GoltsevDmitry2000"]
[Black "A-Fier"]
[Result "0-1"]
[WhiteElo "2742"]
[BlackElo "2735"]
[TimeControl "180+1"]
[EndTime "11:43:09 PDT"]
[Termination "A-Fier won by resignation"]

1. e4 c5 2. Nf3 e6 3. d4 cxd4 4.
Nxd4 Nf6 5. Nc3 Nc6 6. Ndb5 d6 7. Be3 a6 8. Na3 b5 9. Ne2 Nxe4 10. Nd4 Bb7 11.
c3 Nf6 12. Qd2 Be7 13. Nac2 O-O 14. Bd3 Rc8 15. O-O Ne5 16. Be2 Nc4 17. Qc1 Nxe3 18. Nxe3 Qb6 19. Rd1 b4 20. c4 Ne4 21. Bf3 Nc5 22. Rb1 Bf6 23. b3 Bxd4 24. Rxd4 Bxf3 25.
gxf3 Nxb3 26. Rxb3 Qxd4 27. Rxb4 Rc5 28. Ra4 a5 29. Qb1 h6 30. Ra3 Rg5+ 31. Kh1 Qf4 32.
Ng2 Qxc4 33. f4 Rc5 34. Rg3 Qc1+ 0-1

[Event "*** Titled Tuesday Blitz"]
[Site "Chess.com"]
[Date "2021.04.06"]
[Round "9"]
[White "Michaelson_11"]
[Black "aaaao"]
[Result "0-1"]
[WhiteElo "2198"]
[BlackElo "2578"]
[TimeControl "180+1"]
[EndTime "11:43:12 PDT"]
[Termination "aaaao won by resignation"]

1. e4 e6 2. d4 d5 3. Nc3 Bb4 4. e5 c5 5. a3 Bxc3+ 6. bxc3 Ne7 7. Qg4 Qc7 8. Bd3 cxd4 9. Ne2 dxc3 10. Qxg7 Rg8 11.
Qxh7 Nbc6 12. Bf4 Bd7 13. Qh5 O-O-O 14. Nxc3 Nd4 15. Ne2 Ndf5 16. Bxf5 Nxf5 17. O-O d4 18. c3 Bc6 19. Ng3 d3 20. Rfd1 Rh8 21. Qf3 Bxf3 0-1

[Event "*** Titled Tuesday Blitz"]
[Site "Chess.com"]
[Date "2021.04.06"]
[Round "9"]
[White "Manukyan_Artak"]
[Black "ahmad_alkhatib11"]
[Result "1/2-1/2"]
[WhiteElo "2422"]
[BlackElo "2278"]
[TimeControl "180+1"]
[EndTime "11:43:16 PDT"]
[Termination "Game drawn by agreement"]

1. e4 c5 2. Nf3 g6 3. c3 Bg7 4. d4 cxd4 5. cxd4 d5 6. exd5 Nf6 7. Bb5+ Nbd7 8. Nc3 O-O 9. Bxd7 Bxd7 10. Qb3 e6 11. O-O exd5 12. Nxd5 Nxd5 13. Qxd5 Bc6 14. Qxd8 Raxd8 15. Be3 Bxf3 16. gxf3 Bxd4 17. Rad1 Bxb2 18. Bxa7 Ra8 19.
Be3 Rxa2 20. Rd2 Rfa8 21. Rb1 Bf6 22. Rxa2 Rxa2 23. Rxb7 Kg7 24. Rd7 h5 25. Bd4 Bxd4 26. Rxd4 Ra5 27. h4 Rf5 28. Kg2 Rf6 29. Kg3 Rf5 1/2-1/2

[Event "*** Titled Tuesday Blitz"]
[Site "Chess.com"]
[Date "2021.04.06"]
[Round "9"]
[White "elvidirris"]
[Black "malakismayil"]
[Result "0-1"]
[WhiteElo "1990"]
[BlackElo "2265"]
[TimeControl "180+1"]
[EndTime "11:43:17 PDT"]
[Termination "malakismayil won by resignation"]

1. e4 e5 2. Nf3 Nc6 3. Bb5 d6 4. d4 exd4 5. Nxd4 Bd7 6. Bc4 Nf6 7. Nc3 Be7 8. O-O O-O 9. f3 Re8 10. Be3 Bf8 11. Qd2 Ne5 12. Be2 g6 13. Bh6 Bg7 14. h3 Qe7 15. Bxg7 Kxg7 16. Rae1 Nc6 17. Bc4 Qe5 18.
Nxc6 Bxc6 19. f4 Qc5+ 20. Kh1 Qxc4 21. e5 dxe5 22. fxe5 Rxe5 23. Rf4 0-1

[Event "*** Titled Tuesday Blitz"]
[Site "Chess.com"]
[Date "2021.04.06"]
[Round "9"]
[White "suyu28"]
[Black "ChessWarrior7197"]
[Result "0-1"]
[WhiteElo "2633"]
[BlackElo "2921"]
[TimeControl "180+1"]
[EndTime "11:43:19 PDT"]
[Termination "ChessWarrior7197 won by checkmate"]

1. d4 Nf6 2. c4 e6 3. g3 c5 4. d5 exd5 5. cxd5 d6 6. Nc3 g6 7. Bg2 Bg7 8. Nf3 O-O 9. O-O Re8 10. Nd2 Nbd7 11. e4 Ne5 12. Qc2 Nh5 13. h3 f5 14. f4 Nxg3 15. fxe5 Nxf1 16. Nxf1 Bxe5 17. Qf2 f4 18. Kh1 Rf8 19. Nh2 Bd4 20. Qe1 f3 21. Nxf3 Bxh3 22. Bg5 Qb6 23. Qd2 Bxg2+ 24. Kxg2 Rxf3 25.
Kxf3 Rf8+ 26. Kg3 Rf2 27. Qc1 c4 28. Nd1 Be5+ 29. Kg4 h5+ 30. Kh3 Rh2# 0-1

[Event "*** Titled Tuesday Blitz"]
[Site "Chess.com"]
[Date "2021.04.06"]
[Round "9"]
[White "catzapto"]
[Black "DFeco"]
[Result "1-0"]
[WhiteElo "2101"]
[BlackElo "2311"]
[TimeControl "180+1"]
[EndTime "11:43:23 PDT"]
[Termination "catzapto won by resignation"]

1. e4 e5 2. Nf3 Nc6 3. d4 exd4 4.
Bc4 Nf6 5. e5 d5 6. Bb5 Ne4 7.
Nxd4 Bc5 8. Nxc6 Bxf2+ 9. Kf1 bxc6 10. Bxc6+ Kf8 11. Qd3 Qh4 12. Bxd5 Ng3+ 13. hxg3 Qxh1+ 14. Kxf2 Rb8 15. Nc3 Qh5 16. Qf3 Qxf3+ 17. gxf3 Ke7 18. Bg5+ f6 19. exf6+ gxf6 20. Re1+ Kd6 21. Bxf6 1-0

[Event "*** Titled Tuesday Blitz"]
[Site "Chess.com"]
[Date "2021.04.06"]
[Round "9"]
[White "Niktlt"]
[Black "ega2006"]
[Result "1-0"]
[WhiteElo "2570"]
[BlackElo "2404"]
[TimeControl "180+1"]
[EndTime "11:43:33 PDT"]
[Termination "Niktlt won on time"]

1. e4 c5 2. Nf3 Nc6 3. d4 cxd4 4.
Nxd4 g6 5. Nc3 Bg7 6. Be3 Nf6 7. Bc4 O-O 8. f3 d6 9. Qd2 Bd7 10. h4 a6 11. Bb3 b5 12. O-O-O Rc8 13. g4 Ne5 14. h5 Nc4 15. Bxc4 Rxc4 16. hxg6 fxg6 17. Kb1 Qa5 18. Nb3 Qd8 19. Bh6 b4 20. Nd5 Rf7 21. Bxg7 Kxg7 22. Nxf6 exf6 23. Rxh7+ Kxh7 24. Rh1+ Kg8 25. Qh6 1-0

[Event "*** Titled Tuesday Blitz"]
[Site "Chess.com"]
[Date "2021.04.06"]
[Round "9"]
[White "TeukkaSalama"]
[Black "bushrashuaibi"]
[Result "1-0"]
[WhiteElo "2371"]
[BlackElo "2199"]
[TimeControl "180+1"]
[EndTime "11:43:35 PDT"]
[Termination "TeukkaSalama won by resignation"]

1. d4 Nf6 2. Bf4 g6 3. e3 Bg7 4. Nf3 O-O 5. Be2 d6 6. h3 Nfd7 7. O-O Nc6 8. Nc3 e5 9. Bg5 f6 10. Bh4 Rf7 11. Bc4 Qe8 12. Bxf7+ Qxf7 13. dxe5 fxe5 14. e4 Kh8 15. Nd5 Nc5 16. Re1 Be6 17.
b4 Nd7 18. Nxc7 Rf8 19. Nxe6 Qxe6 20. Qd5 Qe8 21. Qxd6 Nb6 22. Rad1 Nc4 23. Qd7 Nxb4 24. Be7 Nxc2 25. Bxf8 Qxd7 26. Rxd7 Bxf8 27. Rc1 N2a3 28. Rxb7 Nd6 29. Rxa7 Nxe4 30. Rc8 1-0

[Event "*** Titled Tuesday Blitz"]
[Site "Chess.com"]
[Date "2021.04.06"]
[Round "9"]
[White "Vandros57"]
[Black "zurzan"]
[Result "1-0"]
[WhiteElo "2207"]
[BlackElo "1993"]
[TimeControl "180+1"]
[EndTime "11:43:39 PDT"]
[Termination "Vandros57 won by resignation"]

1. d4 d6 2. e4 Nf6 3. Nc3 Nbd7 4. Nf3 e5 5. Bc4 Be7 6. dxe5 dxe5 7. O-O c6 8. Qe2 Qc7 9. Rd1 b5 10. Bb3 a5 11. a3 O-O 12. Bg5 h6 13. Bh4 Ba6 14.
Qe1 Nc5 15. Bg3 Nfd7 16. Ba2 Bf6 17. h4 Ne6 18. h5 Nd4 19. Nxd4 Qb6 20. Nf5 Nc5 21. Rd6 Rad8 22. Rxf6 gxf6 23. Qe3 1-0

[Event "*** Titled Tuesday Blitz"]
[Site "Chess.com"]
[Date "2021.04.06"]
[Round "9"]
[White "Aslanov_Umid"]
[Black "AniJak"]
[Result "1-0"]
[WhiteElo "2411"]
[BlackElo "2303"]
[TimeControl "180+1"]
[EndTime "11:43:40 PDT"]
[Termination "Aslanov_Umid won by resignation"]

1. e4 c5 2. Nf3 e6 3. d4 cxd4 4. Nxd4 a6 5. Bd3 Bc5 6. Nb3 Be7 7. O-O d6 8. c4 Nd7 9. Nc3 Ngf6 10. Kh1 b6 11. f4 Bb7 12. Qe2 Qc7 13. Nd4 g6 14. b3 e5 15. fxe5 dxe5 16. Nf3 Nc5 17. Nd5 Bxd5 18. cxd5 Nxd3 19. Qxd3 O-O 20. Bb2 Nd7 21. Rac1 Qb8 22. d6 Bf6 23. b4 a5 24. Rc7 Rd8 25. Qb5 axb4 26. Rxd7 Rxa2 27. Bxe5 Bg7 28. Bxg7 Kxg7 29.
Rxf7+ Kxf7 30. Ng5+ Kg7 31. Qe5+ Kg8 32. Qe6+ Kh8 33.
Qf6+ 1-0

[Event "*** Titled Tuesday Blitz"]
[Site "Chess.com"]
[Date "2021.04.06"]
[Round "9"]
[White "szabadaba"]
[Black "eljanov"]
[Result "1/2-1/2"]
[WhiteElo "2698"]
[BlackElo "2858"]
[TimeControl "180+1"]
[EndTime "11:43:45 PDT"]
[Termination "Game drawn by repetition"]

1. e4 c6 2. d4 d5 3. Nc3 dxe4 4. Nxe4 Nf6 5. Nxf6+ exf6 6. c3 Bd6 7. Bd3 Na6 8. Qc2 Nc7 9. Ne2 h5 10. h3 Nd5 11. Bd2 Kf8 12. a3 Qc7 13. c4 Nf4 14. Nxf4 Bxf4 15. O-O h4 16. Rfe1 Be6 17. Re4 Bxd2 18.
Qxd2 f5 19. Re5 Rd8 20. Qf4 f6 21. Rxf5 Qd7 22. Rxf6+ gxf6 23. Qxf6+ Kg8 24. Qg6+ Kf8 25. Qf6+ Kg8 26. Qg6+ Kf8 27. Qf6+ 1/2-1/2

[Event "*** Titled Tuesday Blitz"]
[Site "Chess.com"]
[Date "2021.04.06"]
[Round "9"]
[White "mac0504"]
[Black "Oglob71"]
[Result "1-0"]
[WhiteElo "2527"]
[BlackElo "2379"]
[TimeControl "180+1"]
[EndTime "11:43:49 PDT"]
[Termination "mac0504 won by resignation"]

1. e4 c5 2. Nf3 e6 3. d4 cxd4 4. Nxd4 a6 5. c4 Qc7 6. Nc3 Nf6 7. Be2 Bb4 8. Nc2 Bxc3+ 9. bxc3 d6 10. Ba3 Nxe4 11.
Qd4 f5 12. Bh5+ Kf8 13. Bf3 Nc6 14. Qe3 Nc5 15. O-O b6 16. Nd4 Nxd4 17. cxd4 Nb7 18.
Rab1 Kf7 19. c5 dxc5 20. dxc5 b5 21. Rfd1 Rd8 22. Rxd8 Qxd8 23. c6 Na5 24. c7 Qxc7 25.
Bxa8 Nc4 26. Qc5 Qxc5 27. Bxc5 Bd7 28. Bb7 a5 29. Ba6 Nd2 30. Rd1 Ne4 31. Rxd7+ 1-0

[Event "*** Titled Tuesday Blitz"]
[Site "Chess.com"]
[Date "2021.04.06"]
[Round "9"]
[White "Grieve72"]
[Black "xurramid77"]
[Result "0-1"]
[WhiteElo "2504"]
[BlackElo "2628"]
[TimeControl "180+1"]
[EndTime "11:43:52 PDT"]
[Termination "xurramid77 won by checkmate"]

1. e4 e5 2. Nf3 d6 3. d4 Nd7 4.
Bc4 c6 5. O-O Be7 6. a4 Ngf6 7.
Re1 O-O 8. a5 Nxe4 9. dxe5 d5 10.
Bf1 f6 11. Nbd2 Nxf2 12. Kxf2 Bc5+ 13. Ke2 fxe5 14. Nb3 e4 15. Nfd4 Ne5 16. h3 Bb4 17. Bd2 Qh4 18. Be3 Bg4+ 19. hxg4 Qxg4+ 20. Nf3 exf3+ 21. gxf3 Qxf3# 0-1

[Event "*** Titled Tuesday Blitz"]
[Site "Chess.com"]
[Date "2021.04.06"]
[Round "9"]
[White "NateSolon"]
[Black "NiranjanNavalgund"]
[Result "1-0"]
[WhiteElo "2627"]
[BlackElo "2503"]
[TimeControl "180+1"]
[EndTime "11:43:55 PDT"]
[Termination "NateSolon won by resignation"]

1. d4 Nf6 2. c4 c5 3. d5 b5 4. cxb5 a6 5. bxa6 g6 6. Nc3 Bg7 7. g3 O-O 8. Bg2 Qa5 9. Bd2 d6 10. Nf3 Nxa6 11. O-O Bf5 12. e4 Bd7 13. e5 Ng4 14. e6 fxe6 15. dxe6 Bxe6 16. Ng5 Bd7 17. Qb3+ e6 18. Nxe6 Rab8 19. Nxf8+ Rxb3 20. axb3 Qc7 21. Nxd7 Nb4 22. Nb8 Bd4 23. Na6 Qb6 24. Nxb4 cxb4 25. Ne4 d5 26. Ng5 Nxf2 27. Bxd5+ Kg7 28. Ne6+ Kf6 29. Nxd4 Qxd4 30. Rxf2+ Ke5 31. Bc4 Qxb2 32. Bf4+ 1-0

[Event "*** Titled Tuesday Blitz"]
[Site "Chess.com"]
[Date "2021.04.06"]
[Round "9"]
[White "kubal123"]
[Black "DrCeltic"]
[Result "0-1"]
[WhiteElo "2234"]
[BlackElo "2473"]
[TimeControl "180+1"]
[EndTime "11:43:56 PDT"]
[Termination "DrCeltic won by resignation"]

1. d4 d5 2. c4 c6 3. Nf3 Nf6 4. Nc3 dxc4 5. a4 Bf5 6. Ne5 e6 7. f3 Bb4 8. e4 Bxe4 9. fxe4 Nxe4 10. Bd2 Qxd4 11. Nxe4 Qxe4+ 12. Qe2 Bxd2+ 13. Kxd2 Qd5+ 14.
Kc2 Na6 15. Nxc4 O-O 16. Rd1 Qf5+ 17. Kc1 Nb4 18. b3 Rad8 19. Rd2 b5 20. Ne3 Qc5+ 21. Kb1 Qc3 22. Rb2 bxa4 23. bxa4 Nd3 24. Qc2 Qe1+ 25. Ka2 Nxb2 26. Bd3 Qxe3 27. Bxh7+ Kh8 28. Kxb2 Rd2 0-1

[Event "*** Titled Tuesday Blitz"]
[Site "Chess.com"]
[Date "2021.04.06"]
[Round "9"]
[White "SergioGarciaFuentes"]
[Black "thechesscorner64"]
[Result "0-1"]
[WhiteElo "2325"]
[BlackElo "2427"]
[TimeControl "180+1"]
[EndTime "11:43:56 PDT"]
[Termination "thechesscorner64 won by resignation"]

1. Nf3 d5 2. g3 g6 3. Bg2 Bg7 4. d4 Nf6 5. O-O b6 6. c4 Bb7 7. Qa4+ c6 8. Ne5 O-O 9. Nc3 dxc4 10. Qxc4 Nd5 11. Rd1 b5 12. Qb3 e6 13. a4 a6 14. e4 Nxc3 15. bxc3 Nd7 16. Nd3 Re8 17.
e5 Bf8 18. h4 Qc7 19. h5 c5 20. axb5 c4 0-1

[Event "*** Titled Tuesday Blitz"]
[Site "Chess.com"]
[Date "2021.04.06"]
[Round "9"]
[White "Fy_Rakotomaharo"]
[Black "Zq1"]
[Result "1-0"]
[WhiteElo "2694"]
[BlackElo "2547"]
[TimeControl "180+1"]
[EndTime "11:43:59 PDT"]
[Termination "Fy_Rakotomaharo won on time"]

1. e4 c5 2. Nf3 d6 3. d4 cxd4 4. Nxd4 Nf6 5. Nc3 Nc6 6. Bg5 g6 7. Bxf6 exf6 8. Bb5 Bd7 9. Qd2 Bg7 10. Nb3 a6 11.
Bc4 Ne5 12. Bd5 Qc7 13. O-O O-O 14. f4 Nc4 15. Bxc4 Qxc4 16. Qxd6 Bc6 17. Qd3 Qb4 18.
Nd5 Bxd5 19. exd5 1-0

[Event "*** Titled Tuesday Blitz"]
[Site "Chess.com"]
[Date "2021.04.06"]
[Round "9"]
[White "erdni1993"]
[Black "PolandHussars"]
[Result "0-1"]
[WhiteElo "2499"]
[BlackElo "2623"]
[TimeControl "180+1"]
[EndTime "11:43:59 PDT"]
[Termination "PolandHussars won by resignation"]

1. e4 e5 2. Nf3 Nc6 3. Bb5 g6 4. O-O Bg7 5. c3 d6 6. Re1 Bd7 7. h3 Nge7 8. d4 O-O 9. dxe5 Nxe5 10. Bf1 Nxf3+ 11. Qxf3 Nc6 12. Nd2 Qf6 13. Qxf6 Bxf6 14. Nc4 Rae8 15. Bh6 Bg7 16. Bxg7 Kxg7 17. f3 f5 18. exf5 Bxf5 19. Ne3 Be6 20. Bb5 Bd7 21. Nd5 a6 22. Bxc6 Bxc6 23. Nxc7 Rxe1+ 24. Rxe1 Kf7 25. Ne6 Rh8 26. Ng5+ Kf6 27. h4 h6 28. Re6+ Kf5 29.
g4+ Kf4 30. Nf7 Rh7 31. Rf6+ Kg3 32. Nxd6 Re7 33. Kf1 Bxf3 34. g5 Bg2+ 0-1

[Event "*** Titled Tuesday Blitz"]
[Site "Chess.com"]
[Date "2021.04.06"]
[Round "9"]
[White "azikom"]
[Black "louis198"]
[Result "1-0"]
[WhiteElo "2695"]
[BlackElo "2553"]
[TimeControl "180+1"]
[EndTime "11:44:01 PDT"]
[Termination "azikom won by checkmate"]

1. d4 e6 2. c4 d5 3. Nc3 Nf6 4. Nf3 c6 5. Qb3 Ne4 6. e3 f5 7. Bd3 Bd6 8. O-O Nd7 9. Nd2 Ndf6 10. f4 O-O 11. Nf3 b6 12. a4 Bd7 13. a5 Be8 14. axb6 axb6 15. Rxa8 Qxa8 16. Qxb6 Bh5 17.
Qb3 Rb8 18. Qc2 c5 19. cxd5 cxd4 20. Nxd4 exd5 21. Nxf5 Bc5 22. Nxe4 dxe4 23. Qc4+ Bf7 24. Qxc5 exd3 25. b4 Ne4 26. Qd4 Rd8 27. Qxg7# 1-0

[Event "*** Titled Tuesday Blitz"]
[Site "Chess.com"]
[Date "2021.04.06"]
[Round "9"]
[White "davidkalashian"]
[Black "FMOlexandrProhorov"]
[Result "1-0"]
[WhiteElo "2552"]
[BlackElo "2216"]
[TimeControl "180+1"]
[EndTime "11:44:01 PDT"]
[Termination "davidkalashian won by resignation"]

1. e4 c5 2. Nc3 Nc6 3. Nf3 d6 4. Bb5 Bd7 5. O-O g6 6. Re1 Bg7 7. Bxc6 Bxc6 8. d4 cxd4 9. Nxd4 Nf6 10. Nxc6 bxc6 11. Bf4 O-O 12. e5 Nh5 13. exd6 exd6 14. Bxd6 Re8 15. Rxe8+ Qxe8 16. Qf3 Qe6 17. Ba3 Re8 18. g3 Qc4 19. Kg2 Nf6 20. Rd1 h5 21.
Qd3 Qg4 22. h3 Qg5 23. Qd2 Qe5 24. Qd6 Qg5 25. h4 Qf5 26. Qxc6 Ng4 27. Qxe8+ 1-0

[Event "*** Titled Tuesday Blitz"]
[Site "Chess.com"]
[Date "2021.04.06"]
[Round "9"]
[White "AlexOstrovskiy"]
[Black "Nuvas"]
[Result "0-1"]
[WhiteElo "2740"]
[BlackElo "2612"]
[TimeControl "180+1"]
[EndTime "11:44:02 PDT"]
[Termination "Nuvas won by resignation"]

1. d4 d5 2. Bf4 c5 3. e3 Nc6 4. c3 Nf6 5. Nd2 e6 6. Ngf3 Nh5 7. Bg5 f6 8. Bh4 g6 9. Bd3 cxd4 10.
Nxd4 Be7 11. Nxc6 bxc6 12. O-O O-O 13. c4 Rb8 14. b3 e5 15. cxd5 cxd5 16. e4 Nf4 17.
Bc2 Ba6 18. Re1 Bb4 19. Re3 d4 20. Rg3 Ne2+ 21. Kh1 Nxg3+ 22. Bxg3 d3 23. Bb1 Qd4 24. a3 Bxd2 25. Ra2 Bc3 26. b4 d2 27. Bc2 Bc4 0-1

[Event "*** Titled Tuesday Blitz"]
[Site "Chess.com"]
[Date "2021.04.06"]
[Round "9"]
[White "Ranindu2003"]
[Black "woodhy"]
[Result "1-0"]
[WhiteElo "2583"]
[BlackElo "2422"]
[TimeControl "180+1"]
[EndTime "11:44:02 PDT"]
[Termination "Ranindu2003 won by checkmate"]

1. d4 Nf6 2. Bf4 b6 3. e3 Bb7 4. c3 d6 5. Nf3 Nbd7 6. Nbd2 g6 7.
Bd3 Bg7 8. h3 O-O 9. Bh2 Re8 10.
O-O e5 11. e4 exd4 12. Nxd4 Nxe4 13. Nxe4 Bxe4 14. Bxe4 Rxe4 15. Qf3 Nf6 16. Rfe1 Qe8 17. Kf1 a5 18. g4 h6 19. h4 Rxe1+ 20. Rxe1 Qc8 21.
Nc6 Qa6+ 22. Kg2 Re8 23. Rxe8+ Nxe8 24. Ne7+ Kf8 25. Nxg6+ Kg8 26. Ne7+ Kf8 27. Nf5 Qc4 28. Bf4 Nf6 29. Nxg7 Kxg7 30. Bxh6+ Kxh6 31. Qxf6+ Kh7 32. Qf5+ Kg7 33. h5 Qxa2 34. Qg5+ Kf8 35. h6 Qb1 36.
Qd8# 1-0

[Event "*** Titled Tuesday Blitz"]
[Site "Chess.com"]
[Date "2021.04.06"]
[Round "9"]
[White "ChessAurochs"]
[Black "Korchmar_Vasiliy"]
[Result "0-1"]
[WhiteElo "2531"]
[BlackElo "2674"]
[TimeControl "180+1"]
[EndTime "11:44:05 PDT"]
[Termination "Korchmar_Vasiliy won by resignation"]

1. e4 c5 2. Nf3 d6 3. d4 cxd4 4. Nxd4 Nf6 5. Nc3 Nc6 6. Bg5 e6 7. Qd2 a6 8. O-O-O h6 9. Be3 Be7 10. f3 Nxd4 11. Bxd4 b5 12. g4 b4 13. Ne2 e5 14.
Be3 Be6 15. Kb1 d5 16. exd5 Nxd5 17. Bf2 Qa5 18. b3 Nc3+ 19. Nxc3 bxc3 20. Qc1 O-O 21. h4 Rab8 22. g5 h5 23. Bd3 Rb4 24. Be1 Rc8 25.
Rh2 Ra4 26. bxa4 Bxa2+ 27. Kxa2 Qxa4+ 28. Kb1 Rb8+ 0-1

[Event "*** Titled Tuesday Blitz"]
[Site "Chess.com"]
[Date "2021.04.06"]
[Round "9"]
[White "Olkaa"]
[Black "ErikRonka"]
[Result "0-1"]
[WhiteElo "2616"]
[BlackElo "2464"]
[TimeControl "180+1"]
[EndTime "11:44:05 PDT"]
[Termination "ErikRonka won by resignation"]

1. d4 d5 2. Nc3 c6 3. e4 dxe4 4. Nxe4 Bf5 5. Ng3 Bg6 6. Bc4 e6 7. N1e2 Nf6 8. O-O Nbd7 9. f4 Be7 10. f5 exf5 11. Nxf5 O-O 12. Neg3 Nb6 13. Bb3 c5 14. c3 cxd4 15. cxd4 Nbd5 16. Bg5 Ne8 17. Nxe7+ Nxe7 18. Re1 Nf6 19. Bxf6 gxf6 20. Kh1 Nc6 21. d5 Ne5 22. d6 Nd3 23. Re3 Nf2+ 24. Kg1 Nxd1 25. Rxd1 Qb6 26. Kf2 Rfe8 27. Nf1 Rxe3 28. Nxe3 Re8 0-1

[Event "*** Titled Tuesday Blitz"]
[Site "Chess.com"]
[Date "2021.04.06"]
[Round "9"]
[White "scarabee43"]
[Black "nrvisakh"]
[Result "1-0"]
[WhiteElo "2651"]
[BlackElo "2768"]
[TimeControl "180+1"]
[EndTime "11:44:07 PDT"]
[Termination "scarabee43 won by resignation"]

1. d4 Nf6 2. c4 g6 3. Nc3 Bg7 4. e4 d6 5. Nf3 O-O 6. Be2 e5 7.
O-O Na6 8. Be3 exd4 9. Nxd4 Nc5 10. f3 c6 11. Qd2 Re8 12. Rad1 Qe7 13. Nc2 Bf8 14.
Bf4 Rd8 15. e5 Ne8 16. Bg5 f6 17. exf6 Nxf6 18. Rfe1 Qf7 19. Bf1 a5 20. Qd4 Bg7 21. Qxc5 dxc5 22. Rxd8+ Bf8 23. Bh6 b6 24. Rxf8+ Qxf8 25.
Bxf8 Kxf8 1-0

[Event "*** Titled Tuesday Blitz"]
[Site "Chess.com"]
[Date "2021.04.06"]
[Round "9"]
[White "Chessbard1972"]
[Black "lacafi"]
[Result "1-0"]
[WhiteElo "2320"]
[BlackElo "2205"]
[TimeControl "180+1"]
[EndTime "11:44:18 PDT"]
[Termination "Chessbard1972 won by checkmate"]

1. e4 c6 2. Nc3 d5 3. Nf3 dxe4 4. Nxe4 Nf6 5. Nxf6+ exf6 6. d4 Bd6 7. Bc4 O-O 8.
Be3 Re8 9. Qd2 Nd7 10. O-O-O Nf8 11. Kb1 Qc7 12. Rhe1 b5 13. Bb3 Be6 14. d5 cxd5 15. Bxd5 Bxd5 16. Qxd5 Rad8 17. Qb3 a6 18. h3 Ne6 19.
Nd4 Nc5 20. Qc3 Qb7 21. Nf5 Na4 22. Qb3 Be5 23. Bd4 Qxg2 24. Rg1 Qe4 25. Rxg7+ Kh8 26. Rxh7+ Kxh7 27. Qxf7+ Kh8 28. Qg7# 1-0

[Event "*** Titled Tuesday Blitz"]
[Site "Chess.com"]
[Date "2021.04.06"]
[Round "9"]
[White "Rondo_Capriccioso"]
[Black "albi1999"]
[Result "0-1"]
[WhiteElo "2479"]
[BlackElo "2596"]
[TimeControl "180+1"]
[EndTime "11:44:20 PDT"]
[Termination "albi1999 won by resignation"]

1. e4 c6 2. d4 d5 3. exd5 cxd5 4. c4 Nf6 5. Nc3 Nc6 6. Bg5 Ne4 7. Be3 Bf5 8. Nf3 e6 9. cxd5 exd5 10. Bd3 Bb4 11. O-O Bxc3 12. bxc3 Nxc3 13. Qc2 Bxd3 14. Qxd3 Ne4 15.
Rab1 Qd7 16. Ne5 Nxe5 17. dxe5 Rc8 18. Bxa7 O-O 19. Bd4 Rc4 20. Rfc1 Rfc8 21. Rxc4 Rxc4 22. f3 Ng5 23. Bf2 Ne6 24. g3 Ng5 25. h4 Nh3+ 26. Kg2 Rxh4 27. Rc1 Nf4+ 28. gxf4 Qh3+ 0-1

[Event "*** Titled Tuesday Blitz"]
[Site "Chess.com"]
[Date "2021.04.06"]
[Round "9"]
[White "campomania3"]
[Black "jraosam"]
[Result "0-1"]
[WhiteElo "2190"]
[BlackElo "1880"]
[TimeControl "180+1"]
[EndTime "11:44:21 PDT"]
[Termination "jraosam won by resignation"]

1. d4 e5 2. dxe5 Nc6 3. Nf3 Qe7 4. Nc3 Nxe5 5. Nd5 Nxf3+ 6. gxf3 Qd8 7. Bg5 Qxg5 8.
Nxc7+ Kd8 9. Nxa8 b6 10. c3 Nf6 11. Qa4 Qa5 12. Qc4 b5 13. Qxf7 b4 14. Qb3 Bb7 15. Bh3 Bxa8 16. O-O Qg5+ 17. Kh1 Qh4 18. Bg2 Bd6 19. h3 Qf4 0-1

[Event "*** Titled Tuesday Blitz"]
[Site "Chess.com"]
[Date "2021.04.06"]
[Round "9"]
[White "Chamal_Gedgafov"]
[Black "MIJuanReyesRosa"]
[Result "0-1"]
[WhiteElo "2191"]
[BlackElo "2013"]
[TimeControl "180+1"]
[EndTime "11:44:23 PDT"]
[Termination "MIJuanReyesRosa won on time"]

1. d4 e6 2. c4 a6 3. Nc3 c5 4. Nf3 cxd4 5. Nxd4 Qc7 6. e4 Nf6 7. Be2 b6 8. O-O Bb7 9. f3 Be7 10. Be3 d6 11. Qd2 Nbd7 12. Rac1 O-O 13. Rfd1 Rac8 14.
b3 Qb8 15. Bf4 Rfe8 16. h3 Ne5 17. Nc2 Bf8 18. Bh2 h5 19. f4 Ng6 20. Bf3 h4 21. Ne3 Qa8 22. Qd3 d5 23. e5 Ne4 24. cxd5 exd5 25.
Bxe4 dxe4 26. Qe2 Ba3 27. Rc2 Bc5 0-1